 Dungeon Crawl Stone Soup version 0.24.0-1-gfbc8707 (webtiles) character file.

Game seed: 1852408107664289081, levelgen mode: deterministic

150 Exaltedone87 the Shield-Bearer (level 5, 0/49 HPs)
             Began as a Deep Dwarf Fighter on Oct 26, 2019.
             Slain by an ogre
             ... wielding a +0 giant club
              (22 damage)
             ... on level 4 of the Dungeon.
             The game lasted 00:05:49 (1877 turns).

Exaltedone87 the Shield-Bearer (Deep Dwarf Fighter) Turns: 1877, Time: 00:05:50

Health: 0/49       AC:  7    Str: 20    XL:     5   Next: 10%
Magic:  5/5        EV:  8    Int:  9    God:
Gold:   104        SH: 10    Dex: 12    Spells: 4/4 levels left

rFire    . . .     SeeInvis .   a - +1 war axe
rCold    . . .     Gourm    .   c - +1 shield
rNeg     . . .     Faith    .   b - +0 scale mail
rPois    .         Spirit   .   (no helmet)
rElec    .         Reflect  .   (no cloak)
rCorr    .         Harm     .   (no gloves)
MR       .....                  (no boots)
Stlth    ..........             (no amulet)
HPRegen  0.00/turn              (no ring)
MPRegen  0.09/turn              (no ring)

@: lethally poisoned (0 -> 0), non-regenerating
A: damage resistance, heal wounds, sense surroundings 1, no regeneration
a: Heal Wounds


You were on level 4 of the Dungeon.
You were hungry.

You visited 1 branch of the dungeon, and saw 4 of its levels.

You collected 104 gold pieces.

Inventory:

Hand Weapons
 a - a +1 war axe (weapon)
Armour
 b - a +0 scale mail (worn)
 c - a +1 shield (worn)
Jewellery
 l - an uncursed ring of positive energy
Wands
 p - a wand of clouds (2)
Scrolls
 e - 6 scrolls of teleportation
 g - a scroll of identify
 i - 3 scrolls of remove curse
 k - a scroll of magic mapping
 t - a scroll of enchant weapon
Potions
 d - 2 potions of might
 m - 2 potions of magic
 r - 3 potions of curing
Comestibles
 f - 8 rations


   Skills:
 + Level 3.2 Fighting
 * Level 3.8 Axes
 + Level 3.9 Armour
 + Level 1.8 Dodging
 + Level 4.0 Shields


You had 4 spell levels left.
You didn't know any spells.
Your spell library was empty.

Dungeon Overview and Level Annotations

Branches:
Dungeon (4/15)
 Temple: D:4-7

Altars:
Okawaru
Ru


Innate Abilities, Weirdness & Mutations

You are resistant to damage.
You can heal yourself by infusing magical energy.
You passively map a small area around you.
You do not regenerate.


Message History

You are more poisoned.
The adder poisons you!
You slash the adder!
You kill the adder!
You hit the ogre.
The frilled lizard hisses.
You block the ogre's attack. The frilled lizard bites you.
You miss the frilled lizard. You hit the ogre.
The ogre hits you with a +0 giant club! The frilled lizard bites you.
You slash the frilled lizard!
You kill the frilled lizard!
You barely miss the ogre. The ogre hits you with a +0 giant club.
You barely miss the ogre.
The ogre is moderately wounded.
The ogre hits you with a +0 giant club.
You hit the ogre.
The ogre is heavily wounded.
The ogre closely misses you.
The ogre hits you with a +0 giant club!!
You die...

#.........
#.........
#.........
#.........
#.........
#.........
#########.........
##.O...........<.^.
#.@................
##########.........
##.####### ######<#
#......# #......#
#.....## * #.....#
* *, #.....# , ,


You could see an ogre.

Vanquished Creatures
  Ijyb (D:3)
  7 adders
  3 dart slugs
  2 leopard geckos
  7 orcs (D:3)
  6 bats
  4 giant cockroaches
  4 goblins
  3 hobgoblins
  6 jackals (D:3)
  A kobold (D:1)
  A quokka (D:2)
  A frilled lizard (D:4)
  7 rats (D:2)
53 creatures vanquished.

Notes
Turn   | Place    | Note
-------+----------+-------------------------------------------
     0 | D:1      | Exaltedone87 the Deep Dwarf Fighter began the quest for the
                  | Orb.
     0 | D:1      | Reached XP level 1. HP: 20/20 MP: 1/1
    93 | D:1      | Reached XP level 2. HP: 27/27 MP: 2/2
   422 | D:2      | Reached skill level 1 in Dodging
   422 | D:2      | Reached XP level 3. HP: 18/33 MP: 3/3
   601 | D:2      | Found an iron altar of Okawaru.
   641 | D:2      | Found a sacrificial altar of Ru.
  1003 | D:2      | Reached XP level 4. HP: 27/42 MP: 4/4
  1350 | D:3      | Noticed Ijyb
  1381 | D:3      | Killed Ijyb
  1419 | D:3      | Reached skill level 4 in Shields
  1632 | D:3      | Reached XP level 5. HP: 46/49 MP: 5/5
  1856 | D:4      | Noticed an ogre
  1877 | D:4      | Slain by an ogre

Levels and vault maps discovered:
D:1:      lemuel_arrival_cross, layout_rooms, minivault_23
D:2:      layout_rooms, overflow_temple_1_default, nicolae_ru_awakened_eye,
          serial_bayou, serial_bayou_lake_a, serial_bayou_pond_c,
          serial_bayou_crossing, serial_bayou_pond_e, minmay_cupped
D:3:      wander_river, layout_loops_ring, uniq_ijyb
D:4:      layout_rooms, fedhas_bush_and_centaur_altar

Skill      XL: |  1  2  3  4 |
---------------+-------------+-----
Dodging        | 1 |  1.8
Fighting       | 3 |  3.2
Axes           | 3 |  3.8
Shields        | 4 |  4.0
Armour         | |  3.9

Action                   |  1- 3 |  4- 6 || total
-------------------------+-------+-------++-------
Melee: War axe           |   153 |    73 ||   226
  Use: Potion            |     1 |     5 ||     6
       Scroll            |       |    10 ||    10
  Eat: Chunk             |     1 |     2 ||     3
Armor: Scale mail        |    72 |    25 ||    97
Dodge: Dodged            |    48 |    31 ||    79
Block: Shield            |    95 |    40 ||   135
